 Dungeon Crawl Stone Soup version 0.24-a0-284-g9fb9971 (webtiles) character file.

Game seed: 10658037575464307800

1153308 galech the Axe Maniac (level 27, -1/323 HPs)
             Began as a Demonspawn Fighter on May 2, 2019.
             Was the Champion of Okawaru.
             Slain by an Executioner (2 damage)
             ... in Pandemonium on May 6, 2019.
             The game lasted 04:07:56 (94953 turns).

galech the Axe Maniac (Demonspawn Fighter)         Turns: 94953, Time: 04:07:57

Health: -1/323     AC: 24    Str: 24    XL:     27
Magic:  0/45       EV: 33    Int:  6    God:    Okawaru [******]
Gold:   13705      SH: 26    Dex: 26    Spells: 54/62 levels left

rFire    + + +     SeeInvis +   H - +7 war axe of Gallantry {flame, rF+ rN+ Str+3}
rCold    + + +     Gourm    .   V - +6 shield "Hecateo" {rC+ rN+ Dex-2 Stlth+}
rNeg     + + +     Faith    .   K - +6 scale mail of Proximity {Regen+ SInv Stlth-}
rPois    +         Spirit   +   c - +3 hat "Tuuharod" {*Contam rElec rN+}
rElec    +         Reflect  .   U - +1 cloak of Leumoy {rF+}
rCorr    +         Harm     .   (gloves unavailable)
MR       +++..     Rnd*Rage +   q - +1 pair of boots "Qajaora" {*Drain rF+ rC+}
Stlth    +++++.....             b - amulet of regeneration
HPRegen  1.43/turn              v - +5 ring of slaying
MPRegen  0.58/turn              C - ring "Zurremas" {rCorr rC+ Dex+4 Slay+3}

@: mighty, about to teleport, very slightly contaminated, starving, slowed,
studying 2 skills, repel missiles, very slow
A: claws 3, repulsion field 3, berserk 2, blurry vision 2, deterioration 1,
dopey 2, magic resistance 1, poison resistance, powered by pain 3, robust 3,
screaming 1, weak 1, magic shield, magic regeneration, magic link, subdued magic
3
}: 10/15 runes: barnacled, slimy, silver, iron, obsidian, icy, bone, abyssal,
fiery, gossamer
a: Heroism, Finesse, Renounce Religion


You were in Pandemonium.
You worshipped Okawaru.
Okawaru was exalted by your worship.
You were starving.

You visited 16 branches of the dungeon, and saw 82 of its levels.
You visited Pandemonium 1 time, and saw 4 of its levels.
You visited the Abyss 6 times.
You visited 1 bazaar.
You also visited: Sewer, Ossuary, Ice Cave and Wizlab.

You collected 13984 gold pieces.
You spent 279 gold pieces at shops.

Inventory:

Hand Weapons
 a - a +9 broad axe of chopping
 H - the +7 war axe of Gallantry (weapon) {flame, rF+ rN+ Str+3}
   (Okawaru gifted it to you on level 3 of the Abyss)

   It has been specially enchanted to burn those struck by it, causing extra
   injury to most foes and up to half again as much damage against particularly
   susceptible opponents.
   Big, fiery blades are also staple armaments of hydra-hunters.
   It affects your strength (+3).
   It protects you from fire.
   It protects you from negative energy.
Armour
 c - the +3 hat "Tuuharod" (worn) {*Contam rElec rN+}
   (You found it on level 1 of the Shoals)

   It insulates you from electricity.
   It protects you from negative energy.
   It causes magical contamination when unequipped.
 q - the +1 pair of boots "Qajaora" (worn) {*Drain rF+ rC+}
   (Okawaru gifted it to you on level 1 of the Orcish Mines)

   It protects you from fire.
   It protects you from cold.
   It causes draining when unequipped.
 I - a +2 pair of boots of flying
 K - the +6 scale mail of Proximity (worn) {Regen+ SInv Stlth-}
   (You found it on level 1 of the Spider Nest)

   It lets you see invisible.
   It increases your rate of regeneration.
   It makes you less stealthy.
 O - the +0 large shield of the Skies Above {*Drain rN+ MP+9 Int+4}
   (You took it off Louise on level 15 of the Dungeon)

   It affects your intelligence (+4).
   It protects you from negative energy.
   It affects your magic capacity (+9).
   It causes draining when unequipped.
 R - a scarf of cloud immunity
 U - the +1 cloak of Leumoy (worn) {rF+}
   (You found it in a wizard's laboratory)

   It protects you from fire.
 V - the +6 shield "Hecateo" (worn) {rC+ rN+ Dex-2 Stlth+}
   (You took it off Donald on level 4 of the Spider Nest)

   It affects your dexterity (-2).
   It protects you from cold.
   It protects you from negative energy.
   It makes you more stealthy.
 W - a +1 crystal plate armour
Jewellery
 b - an amulet of regeneration (around neck)
 j - a +4 ring of protection
 k - a +4 amulet of reflection
 v - a +5 ring of slaying (left claw)
 z - the ring "Qeonualo" {rF+ rN+ Int-3 Dex+4 SInv}
   (You found it on level 3 of the Crypt)

   [ring of positive energy]

   It affects your intelligence (-3).
   It affects your dexterity (+4).
   It protects you from fire.
   It protects you from negative energy.
   It lets you see invisible.
 C - the ring "Zurremas" (right claw) {rCorr rC+ Dex+4 Slay+3}
   (You found it on level 3 of the Abyss)

   [ring of resist corrosion]

   It affects your dexterity (+4).
   It affects your accuracy and damage with ranged weapons and melee attacks
   (+3).
   It protects you from cold.
 J - the ring of Tiwiop {rN+++ MP+9 Str+3 Dex-4 SInv}
   (You found it on level 7 of the Iron City of Dis)

   [ring of strength]

   It affects your strength (+3).
   It affects your dexterity (-4).
   It renders you almost immune to negative energy.
   It affects your magic capacity (+9).
   It lets you see invisible.
 P - an uncursed amulet of the gourmand
 Q - an uncursed ring of see invisible
 X - a +3 ring of strength
 Z - the ring of Tillaero {rPois rN+ Int-5 SInv}
   (You found it on level 3 of the Crypt)

   [ring of positive energy]

   It affects your intelligence (-5).
   It protects you from poison.
   It protects you from negative energy.
   It lets you see invisible.
Wands
 T - a wand of digging (14)
Scrolls
 i - 21 scrolls of remove curse
 l - 24 scrolls of teleportation
 n - 12 scrolls of fear
 p - 2 scrolls of enchant weapon
 t - 5 scrolls of acquirement
 u - 11 scrolls of identify
 y - 3 scrolls of silence
 A - 9 scrolls of magic mapping
 B - 12 scrolls of fog
 D - a scroll of amnesia
 E - 10 scrolls of enchant armour
 M - 7 scrolls of blinking
Potions
 d - 7 potions of flight
 e - 3 potions of cancellation
 g - 11 potions of mutation
 h - 4 potions of might
 m - 16 potions of haste
 o - 11 potions of brilliance
 r - 6 potions of curing
 x - 12 potions of agility
 F - 3 potions of berserk rage
 G - 3 potions of ambrosia
 L - 2 potions of resistance
Books
 w - a manual of Polearms
 S - a manual of Stealth
Miscellaneous
 s - the horn of Geryon
Comestibles
 f - 80 rations


   Skills:
 O Level 27 Fighting
 O Level 27 Axes
 * Level 16.2 Armour
 + Level 19.3 Dodging
 + Level 13.4 Stealth
 O Level 27 Shields
 * Level 18.1 Spellcasting
 * Level 20.9 Translocations
 + Level 12.1 Invocations


You had 54 spell levels left.
You knew the following spells:

 Your Spells              Type           Power        Failure   Level  Hunger
a - Controlled Blink      Tloc           N/A          10%         8    #######

Your spell library contained the following spells:

 Spells                   Type           Power        Failure   Level  Hunger
 Apportation              Tloc           ###...       0%          1    None
 Blink                    Tloc           N/A          0%          2    None
 Gell's Gravitas          Tloc           ###.......   0%          3    ##.....
 Lesser Beckoning         Tloc           ###.......   0%          3    ##.....
 Teleport Other           Tloc           ###.....     0%          3    ##.....
 Passage of Golubria      Tloc           N/A          0%          4    ####...
 Shroud of Golubria       Chrm/Tloc      #.........   1%          2    None
 Portal Projectile        Hex/Tloc       #.....       1%          3    ##.....
 Recall                   Summ/Tloc      N/A          1%          3    ##.....
 Force Lance              Conj/Tloc      #.......     1%          4    ####...
 Dispersal                Tloc           ###.......   1%          6    #######
 Summon Forest            Summ/Tloc      #.........   2%          5    #####..
 Animate Skeleton         Necr           N/A          8%          1    None
 Beastly Appendage        Tmut           #.....       8%          1    None
 Confusing Touch          Hex            #.....       8%          1    None
 Corona                   Hex            #......      8%          1    None
 Flame Tongue             Conj/Fire      #....        8%          1    None
 Freeze                   Ice            #...         8%          1    None
 Infusion                 Chrm           #...         8%          1    None
 Magic Dart               Conj           #...         8%          1    None
 Pain                     Necr           #...         8%          1    None
 Shock                    Conj/Air       #...         8%          1    None
 Sting                    Conj/Pois      #...         8%          1    None
 Summon Butterflies       Summ           #.......     8%          1    None
 Summon Small Mammal      Summ           #...         8%          1    None
 Disjunction              Tloc           ###.......   10%         8    #######
 Call Imp                 Summ           #.......     13%         2    None
 Corpse Rot               Necr           N/A          13%         2    None
 Ensorcelled Hibernation  Hex/Ice        #.....       13%         2    None
 Poisonous Vapours        Pois/Air       #.....       13%         2    None
 Slow                     Hex            #.......     13%         2    None
 Song of Slaying          Chrm           #.......     13%         2    None
 Sticks to Snakes         Tmut           #.......     13%         2    None
 Sublimation of Blood     Necr           #.........   13%         2    None
 Swiftness                Chrm/Air       #.......     13%         2    None
 Throw Flame              Conj/Fire      #.....       13%         2    None
 Throw Frost              Conj/Ice       #.....       13%         2    None
 Call Canine Familiar     Summ           #.......     26%         3    ##.....
 Confuse                  Hex            #.......     26%         3    ##.....
 Conjure Flame            Conj/Fire      #.......     26%         3    ##.....
 Dazzling Spray           Conj/Hex       #.....       26%         3    ##.....
 Ignite Poison            Fire/Tmut/Pois #.......     26%         3    ##.....
 Inner Flame              Hex/Fire       #.......     26%         3    ##.....
 Mephitic Cloud           Conj/Pois/Air  #.......     26%         3    ##.....
 Ozocubu's Armour         Chrm/Ice       #.......     26%         3    ##.....
 Regeneration             Chrm/Necr      #.........   26%         3    ##.....
 Spectral Weapon          Hex/Chrm       #.......     26%         3    ##.....
 Spider Form              Tmut/Pois      #.........   26%         3    ##.....
 Static Discharge         Conj/Air       #.......     26%         3    ##.....
 Summon Guardian Golem    Hex/Summ       #.......     26%         3    ##.....
 Vampiric Draining        Necr           #.........   26%         3    ##.....
 Airstrike                Air            #.........   69%         4    ####...
 Animate Dead             Necr           N/A          69%         4    ####...
 Cause Fear               Hex            #.........   69%         4    ####...
 Ice Form                 Ice/Tmut       #.......     69%         4    ####...
 Iskenderun's Mystic Bla  Conj           #.......     69%         4    ####...
 Leda's Liquefaction      Hex/Erth       #.........   69%         4    ####...
 Olgreb's Toxic Radiance  Pois           #.......     69%         4    ####...
 Petrify                  Tmut/Erth      #.......     69%         4    ####...
 Sticky Flame             Conj/Fire      #.......     69%         4    ####...
 Summon Ice Beast         Ice/Summ       #.......     69%         4    ####...
 Summon Lightning Spire   Summ/Air       #.......     69%         4    ####...
 Throw Icicle             Conj/Ice       #.......     69%         4    ####...
 Malign Gateway           Summ/Tloc      #.........   75%         7    #######
 Agony                    Necr           #.......     96%         5    #####..
 Alistair's Intoxication  Tmut/Pois      #.......     96%         5    #####..
 Aura of Abjuration       Summ           #.........   96%         5    #####..
 Blade Hands              Tmut           #.........   96%         5    #####..
 Bolt of Draining         Conj/Necr      #.........   96%         5    #####..
 Bolt of Magma            Conj/Fire/Erth #.........   96%         5    #####..
 Borgnjor's Vile Clutch   Necr/Erth      #.........   96%         5    #####..
 Dispel Undead            Necr           #.......     96%         5    #####..
 Excruciating Wounds      Chrm/Necr      #.........   96%         5    #####..
 Fireball                 Conj/Fire      #.........   96%         5    #####..
 Irradiate                Conj/Tmut      #.........   96%         5    #####..
 Iskenderun's Battlesphe  Conj/Chrm      #.......     96%         5    #####..
 Lightning Bolt           Conj/Air       #.........   96%         5    #####..
 Metabolic Englaciation   Hex/Ice        #.........   96%         5    #####..
 Silence                  Hex/Air        #.........   96%         5    #####..
 Summon Demon             Summ           #.........   96%         5    #####..
 Summon Mana Viper        Hex/Summ       #.......     96%         5    #####..
 Venom Bolt               Conj/Pois      #.........   96%         5    #####..
 Yara's Violent Unravell  Hex/Tmut       #.........   96%         5    #####..
 Bolt of Cold             Conj/Ice       #.........   100%        6    #######
 Bolt of Fire             Conj/Fire      #.........   100%        6    #######
 Darkness                 Hex            #.........   100%        6    #######
 Freezing Cloud           Conj/Ice/Air   #.........   100%        6    #######
 Hydra Form               Tmut           #.........   100%        6    #######
 Iron Shot                Conj/Erth      #.........   100%        6    #######
 Shadow Creatures         Summ           N/A          100%        6    #######
 Statue Form              Tmut/Erth      #........    100%        6    #######
 Dragon Form              Tmut           #.........   100%        7    #######
 Orb of Destruction       Conj           #.........   100%        7    #######
 Ring of Flames           Chrm/Fire      #.........   100%        7    #######
 Spellforged Servitor     Conj/Summ      #.........   100%        7    #######
 Summon Hydra             Summ           #.........   100%        7    #######
 Ignition                 Fire           #.........   100%        8    #######
 Shatter                  Erth           #.........   100%        9    #######


Dungeon Overview and Level Annotations

Branches:
Dungeon (15/15)            Temple (1/1) D:6            Lair (6/6) D:8
 Shoals (4/4) Lair:3       Spider (4/4) Lair:4        Slime (5/5) Lair:5
    Orc (2/2) D:11            Elf (3/3) Orc:2        Vaults (5/5) D:13
  Crypt (3/3) Vaults:2       Tomb (0/3) Crypt:3      Depths (5/5) D:15
   Hell (1/1)                 Dis (7/7) Hell            Geh (7/7) Hell
    Coc (7/7) Hell            Tar (7/7) Hell            Zot (0/5) Depths:5

Altars:
Ashenzari
Cheibriados
Dithmenos
Elyvilon
Fedhas
Gozag
Hepliaklqana
Kikubaaqudgha
Makhleb
Nemelex Xobeh
Okawaru
Qazlal
Ru
Sif Muna
Trog
Uskayaw
Vehumet
Wu Jian
Yredelemnul
Zin
The Shining One
Beogh
Jiyva

Shops:
D:4 :   D:8 *   D:11 %:   Orc:2 }:[?   Elf:1 =   Elf:3 }==   Vaults:1 *
Vaults:2 }(:   Vaults:4 }   Depths:2 **(   Depths:4 [   Depths:5 (:((

Portals:
Hell: Depths:1 Depths:2 Depths:3 Depths:4 Depths:5
Abyss: Depths:1 Depths:4
Pandemonium: Depths:3 Depths:4
Ziggurat: Depths:2

Annotations:
Pan Gloorx Vloq


Innate Abilities, Weirdness & Mutations

You have claws for hands.
You are surrounded by a strong repulsion field. (EV +4, RMsl)
You are powered by pain.
You are extremely robust. (+30% HP)
When hurt, damage is shared between your health and your magic reserves.
You regenerate magic rapidly.
When low on magic, you restore magic in place of health.
You often lose your temper in combat.
Scrolls take you longer to read.
Your body sometimes deteriorates upon taking damage.
You are very dopey. (Int -4)
You are resistant to hostile enchantments. (MR+)
Your system is resistant to poisons. (rPois)
You occasionally shout uncontrollably at your foes.
You are weak. (Str -2)
Your spells are much easier to cast, but much less powerful.


Message History

You block the Executioner's attack. The Executioner barely misses you.
The Executioner misses you. The Executioner closely misses you.
The Executioner hits you.
* * * LOW HITPOINT WARNING * * *
Unknown command.
You feel better.
The Executioner disappears in a puff of smoke!
You block the Executioner's attack. x6
The Executioner hits you but does no damage.
The Executioner barely misses you. The Executioner closely misses you.
The Executioner hits you but does no damage. x2
The Executioner hits you!
* * * LOW HITPOINT WARNING * * *
The Executioner completely misses you. The Executioner closely misses you.
You block the Executioner's attack. The Executioner closely misses you.
The Executioner barely misses you. The Executioner completely misses you.
The Executioner hits you!
* * * LOW HITPOINT WARNING * * *
The Executioner completely misses you. The Executioner hits you.
You die...

##############################
#.............................
#.†..#.#...#.#...#.#...#.#....
#...#...#.#..1#.#...#.#...#...
#..#.........@1§...........#..
#.#..........#1&.#..........#.
#.....########'''########.....
#.#...##....°..........##...#.
#..#..##.#.#.#.#.#.#.#.##..#..
#.....##...............##.....
#..#..###..#.#.#.#.#..###..#..
#.#...# ##...........## #...#.
#.....# #...#.#○#...# #.....


You could see Gloorx Vloq and 3 Executioners.

Vanquished Creatures
  Cerebov (Pan)
  Asmodeus (Geh:7)
  Antaeus (Coc:7)
  the Royal Jelly (Slime:5)
  Ereshkigal (Tar:7)
  the Serpent of Hell (Geh:7)
  Dispater (Dis:7)
  Mara (Elf:2)
  A juggernaut (Depths:5)
  4 ancient liches
  Boris (Vaults:4)
  Bai Suzhen (Shoals:3)
  Sojobo (Vaults:3)
  17 shard shrikes
  2 pandemonium lords (Pan)
  5 caustic shrikes (Depths:4)
  Nikola (Shoals:2)
  The ghost of Hyticse the Black Belt, a veteran OpCK of Xom (Depths:3)
  3 profane servitors
  Geryon (Hell)
  10 bone dragons
  38 Tzitzimimeh
  Arachne (Spider:4)
  2 shard shrike zombies
  A Hellbinder (WizLab)
  9 iron giants
  2 hellephants
  7 doom hounds
  Asterion (Vaults:1)
  10 tentacled monstrosities
  18 Ice Fiends
  11 liches
  24 Brimstone Fiends
  3 deep elf blademasters (Elf:3)
  Rupert (Lair:5)
  9 titans (Vaults:5)
  6 quicksilver dragons
  11 Hell Sentinels
  20 Executioners
  5 sphinxes
  The ghost of Inuluch the Phalangite, an adept MfBe of Trog (Shoals:1)
  6 eldritch tentacles
  15 acid blobs
  A kraken (Shoals:4)
  18 ancient champions
  25 tentacled starspawn
  11 tengu reavers
  Polyphemus (Shoals:2)
  3 storm dragons
  A thorn hunter (Depths:2)
  13 shadow dragons
  Agnes (D:15)
  7 revenants
  Donald (Spider:4)
  A daeva (Abyss:3)
  10 iron dragons (Dis:7)
  10 azure jellies
  A nagaraja (Abyss:1)
  10 deep elf sorcerers
  9 fire giants
  2 orc warlords
  Ilsuiw (Shoals:2)
  Aizul (Elf:3)
  15 frost giants
  12 cacodemons
  29 balrugs
  Louise (D:15)
  3 ghouls
  3 emperor scorpions
  A spectral juggernaut (Depths:3)
  6 ghost moths
  4 warmongers (Pan)
  3 draconian stormcallers (Depths:5)
  2 angels
  A draconian knight (Abyss:1)
  14 vault wardens
  4 curse skulls
  79 reapers
  2 spectral caustic shrikes (Depths:3)
  A draconian annihilator (Depths:5)
  10 deep elf elementalists
  37 very ugly things
  2 spriggan defenders (Depths:3)
  15 war gargoyles
  2 elemental wellsprings (Coc:7)
  23 stone giants
  4 blood saints
  12 ironheart preservers
  12 vampire knights
  2 green draconians (Abyss:1)
  149 starcursed masses
  3 entropy weavers
  20 deep elf annihilators
  The ghost of eyesofgods1 the Fighter, a journeyman GrFi of Okawaru (Lair:5)
  2 corrupters (Pan)
  5 deep elf demonologists
  A black draconian (Depths:5)
  3 black suns (Pan)
  6 spark wasps
  A yellow draconian (Depths:5)
  18 lorocyprocas
  A dire elephant (D:15)
  2 white draconians (Depths:5)
  9 ettins
  The ghost of Yorgos the Unseen, a journeyman SpSk of Dithmenos (Lair:5)
  10 eidola
  6 merfolk javelineers
  22 blizzard demons
  A crystal guardian (Vaults:2)
  2 mummy priests (Crypt:3)
  8 green deaths
  Josephine (D:13)
  9 fire dragons
  16 deep elf death magi
  15 merfolk impalers
  6 death oozes
  Snorg (D:11)
  The ghost of Noname the Slinger, a journeyman HaHu of Makhleb (Orc:1)
  3 kraken zombies
  34 vault guards
  10 quicksilver dragon zombies
  7 deep elf high priests
  9 great orbs of eyes
  8 merfolk avatars
  13 ogre magi
  17 jiangshi
  A naga warrior (Abyss:5)
  2 spriggan air magi (Depths:4)
  20 yaktaur captains
  12 quicksilver dragon skeletons
  35 ice dragons
  2 hell beasts
  2 ghost crabs (Tar:7)
  7 hydras
  A merfolk aquamancer (Shoals:4)
  3 monstrous demonspawn (Pan)
  10 centaur warriors
  The ghost of Wiebster667 the Spear-Bearer, a journeyman OpFi of Dithmenos (Orc:1)
  2 catoblepae
  9 death knights
  The ghost of Aske the Slicer, a journeyman HaBe of Trog (D:9)
  8 rakshasas
  An alligator snapping turtle (Shoals:4)
  39 dancing weapons
  14 death yaks
  2 deep troll earth magi
  30 two-headed ogres
  3 tengu warriors
  66 thrashing horrors
  29 hell hogs
  18 vampire magi
  7 deep troll shamans
  Sonja (Orc:2)
  9 titan zombies
  4 orc high priests (Elf:3)
  2 iron golems (Hell)
  7 spriggan berserkers (Depths:4)
  2 shock serpents (shapeshifter)
  37 soul eaters
  34 sun demons
  9 storm dragon zombies
  7 titan skeletons
  25 deep elf knights
  A spark wasp zombie (Crypt:2)
  9 spatial maelstroms
  67 hell knights
  33 wretched stars
  5 iron trolls
  25 shadow wraiths
  149 skeletal warriors
  20 sixfirhies
  8 golden dragon zombies
  3 death drakes
  11 storm dragon skeletons
  11 unseen horrors
  An unseen horror (shapeshifter) (Elf:2)
  32 shadow demons
  6 sea snakes
  16 flayed ghosts
  A quicksilver dragon simulacrum (Abyss:3)
  A swamp dragon (Abyss:3)
  21 deep trolls
  2 infernal demonspawn (Pan)
  A sea snake (shapeshifter) (Vaults:5)
  13 anaconda zombies
  6 golden dragon skeletons
  2 gelid demonspawn (Pan)
  19 glowing orange brains
  24 deep elf archers
  16 ironbrand convokers
  18 orc knights
  2 lindwurms (Lair:6)
  23 necromancers
  2 ghost moth zombies
  A wizard (Depths:1)
  3 torturous demonspawn (Pan)
  29 harpies
  13 anaconda skeletons
  32 phantasmal warriors
  51 ugly things
  2 oklob plants (Depths:2)
  9 orc sorcerers
  12 wolf spider zombies
  3 shadow dragon zombies
  13 orb spiders
  9 shadow dragon skeletons
  46 wolf spiders
  3 stone giant zombies
  12 iron dragon zombies
  105 deep elf magi
  4 fauns (Shoals:2)
  7 shining eyes
  2 cyclopes (shapeshifter) (Vaults:5)
  8 fire giant zombies
  2 salamanders
  7 cyclopes
  17 manticores
  5 moths of wrath
  An iron dragon skeleton (Dis:5)
  14 fire giant skeletons
  8 worldbinders
  8 frost giant zombies
  2 black mambas
  8 elephants
  6 dire elephant zombies
  13 stone giant skeletons
  5 human skeletons
  7 torpor snails
  5 ice statues
  2 guardian serpents
  3 guardian serpents (shapeshifter)
  A toenail golem (Abyss:1)
  29 smoke demons
  14 frost giant skeletons
  9 apocalypse crabs
  9 merfolk sirens
  20 vault sentinels
  10 spiny frogs
  9 water nymphs
  10 molten gargoyles
  A titan simulacrum (Hell)
  61 rust devils
  2 catoblepas zombies
  A water nymph (shapeshifter) (Depths:5)
  4 eyes of devastation
  16 orange demons
  A gargoyle (D:13)
  2 dire elephant skeletons
  48 hellions
  A shock serpent skeleton (Geh:5)
  6 komodo dragons
  A storm dragon simulacrum (Coc:7)
  28 demonic crawlers
  41 yaktaurs
  34 freezing wraiths
  43 ice devils
  3 iron troll zombies (Dis:5)
  15 efreet
  A yaktaur (shapeshifter) (Abyss:2)
  6 centaur skeletons
  5 kobold demonologists
  9 hellwings
  A catoblepas skeleton (Geh:7)
  An anaconda simulacrum (Coc:7)
  5 rime drakes
  6 harpy zombies
  56 tormentors
  4 silent spectres
  17 hydra zombies
  3 emperor scorpion zombies
  3 guardian mummies (Crypt:3)
  A jumping spider (shapeshifter) (Vaults:4)
  A queen bee (shapeshifter) (Vaults:3)
  9 trolls
  6 tengu conjurers
  A wolf spider simulacrum (Crypt:3)
  19 ancient zymes
  A queen bee (Abyss:4)
  27 jumping spiders
  41 red devils
  52 merfolk
  3 trolls (shapeshifter)
  13 meliai
  2 hornets (shapeshifter)
  30 hornets
  3 tyrant leeches (Lair:6)
  5 wind drakes
  27 polar bears
  5 iron troll skeletons (Dis:5)
  48 raiju
  27 blink frogs
  6 alligator zombies
  8 ettin zombies
  4 fire dragon zombies
  Grinder (D:5)
  8 bog bodies (Coc:7)
  A meliai zombie (D:14)
  56 slime creatures
  10 snapping turtles
  6 ice dragon zombies
  4 dream sheep (Shoals:2)
  12 hippogriffs
  6 hydra skeletons
  A fire giant simulacrum (Vaults:3)
  2 human simulacra
  An iron dragon simulacrum (Hell)
  5 harpy skeletons
  A frost giant simulacrum (Coc:7)
  3 air elementals
  89 redbacks
  4 fire dragon skeletons
  152 flying skulls
  22 shadows
  6 spriggans
  56 wraiths
  2 alligator skeletons
  7 ice dragon skeletons
  30 ynoxinuls
  51 tarantellas
  2 wyverns
  10 ettin skeletons
  23 water elementals
  51 yaks
  5 tarantellas (shapeshifter)
  A wyvern (shapeshifter) (Elf:3)
  3 basilisks
  A black mamba zombie (Tar:7)
  6 fire bats
  A yak (shapeshifter) (D:13)
  7 hungry ghosts
  4 vampires
  A spriggan (shapeshifter) (Depths:4)
  5 vampire mosquitoes
  93 large abominations
  A human (shapeshifter) (Abyss:3)
  3 ushabtiu (Crypt:3)
  8 golden eyes
  3 black mamba skeletons
  32 fire elementals
  16 spatial vortices
  14 neqoxecs
  Edmund (D:5)
  17 chaos spawn
  A deep troll zombie (Vaults:5)
  13 wargs
  A wind drake skeleton (Crypt:3)
  3 acid dragons
  15 insubstantial wisps
  2 nagas (Abyss:5)
  Menkaure (D:4)
  2 merfolk zombies
  11 water moccasins
  116 hell hounds
  7 spiny frog zombies
  A hydra simulacrum (Hell)
  2 floating eyes
  A merfolk skeleton (Crypt:2)
  3 spiny frog skeletons
  A two-headed ogre skeleton (Crypt:1)
  40 orc warriors
  6 porcupines
  7 phantoms
  9 ice beasts
  4 sky beasts
  A hornet zombie (D:10)
  A swamp dragon zombie (Coc:7)
  22 black bears
  A black bear (shapeshifter) (Vaults:4)
  2 manticore zombies
  An ice dragon simulacrum (Coc:7)
  30 necrophages
  7 snapping turtle zombies
  A boggart (shapeshifter) (Vaults:1)
  28 ogres
  4 manticore skeletons
  9 boggarts
  4 eyes of draining (Abyss:3)
  A tengu (shapeshifter) (Abyss:3)
  A swamp dragon skeleton (Geh:5)
  81 wolves
  18 centaurs
  5 snapping turtle skeletons
  An elf simulacrum (Vaults:5)
  5 big kobolds (Sewer)
  8 crocodiles
  2 elf zombies
  A hippogriff zombie (Crypt:3)
  18 bullfrogs
  7 earth elementals
  A yaktaur skeleton (Crypt:3)
  2 gnoll sergeants
  A wyvern zombie (D:13)
  2 salamander skeletons (Crypt:2)
  53 small abominations
  A troll zombie (Crypt:2)
  A yak zombie (Crypt:1)
  A wyvern skeleton (D:8)
  3 scorpions
  A warg skeleton (Crypt:3)
  A raiju zombie (Crypt:1)
  A spriggan zombie (Tar:7)
  66 wights
  8 killer bees
  8 howler monkeys
  3 electric eels
  5 centaur zombies
  16 crimson imps
  2 lava snakes
  4 bullfrog zombies
  8 quasits
  4 hounds
  5 jellies
  A bullfrog skeleton (D:8)
  24 orc priests
  5 human zombies
  47 orc wizards
  30 iron imps
  7 iguanas
  A porcupine zombie (Crypt:3)
  Ijyb (D:4)
  Terence (D:3)
  Natasha (thrice) (D:2)
  8 worker ants
  A big kobold zombie (Ossuary)
  2 naga zombies
  5 ogre zombies
  A felid zombie (Crypt:2)
  An ogre skeleton (Hell)
  A tengu skeleton (Tar:2)
  A crocodile skeleton (Crypt:2)
  A hound skeleton (D:10)
  10 mummies
  A worker ant zombie (D:9)
  17 gnolls
  11 adders
  25 shadow imps
  19 white imps
  4 ufetubi
  An ooze (Sewer)
  3 adder zombies (Ossuary)
  2 dart slugs
  7 leopard geckos
  122 orcs
  2 ball pythons (Sewer)
  9 giant cockroaches
  9 goblins
  14 hobgoblins
  11 jackals
  3 quokkas
  A ball python zombie (Crypt:1)
  11 bats
  8 frilled lizards
  A goblin skeleton (Crypt:3)
  3 goblin zombies (Ossuary)
  6 hobgoblin zombies
  13 kobolds
  2 kobold skeletons (Geh:7)
  6 kobold zombies
  A leopard gecko skeleton (D:4)
  An orc skeleton (Tar:4)
  3 orc zombies
  2 quokka skeletons (Crypt:1)
  5 quokka zombies (Ossuary)
  15 rats
  A rat skeleton (Crypt:1)
  3 rat zombies
  6 crawling corpses
  2 fire vortices (Pan)
  2 fungi
  2 lurking horrors (Abyss:3)
  A macabre mass (Abyss:3)
  12 plants
  33 starspawn tentacles
  3 tentacles
5566 creatures vanquished.

Vanquished Creatures (others)
  A draconian stormcaller (Depths:5)
  A war gargoyle (Dis:7)
  A deep elf death mage (Elf:3)
  A blizzard demon (Coc:7)
  A fire dragon (Depths:4)
  2 hell hogs (Geh:7)
  A shadow wraith (Crypt:3)
  A golden dragon zombie (Dis:6)
  An ironbrand convoker (Vaults:5)
  A necromancer (Vaults:2)
  A dire elephant zombie (Geh:6)
  An orange demon (Pan)
  A freezing wraith (Vaults:5)
  An ice devil (Dis:7)
  A red devil (Pan)
  A minotaur skeleton (Geh:3)
  A blink frog (Abyss:5)
  2 raiju
  2 flying skulls (Coc:4)
  An alligator skeleton (Coc:7)
  A ynoxinul (WizLab)
  A fire elemental (Geh:2)
  An ushabti (Crypt:3)
  A spatial vortex (Abyss:5)
  A warg (Vaults:2)
  A hell hound (Geh:6)
  An ogre (Vaults:3)
  2 centaurs (D:14)
  A killer bee (Abyss:4)
  A wight (Dis:5)
  4 starcursed masses
  An iron imp (Dis:7)
  An orc priest (Vaults:1)
  An orc wizard (Orc:2)
  A shadow imp (Tar:7)
  A white imp (Abyss:3)
  3 briar patches (Depths:2)
  A fungus (Lair:6)
  3 lurking horrors
  14 plants
  48 starspawn tentacles
  14 tentacles
126 creatures vanquished.

Grand Total: 5692 creatures vanquished

Notes
Turn   | Place    | Note
-------+----------+-------------------------------------------
     0 | D:1      | galech the Demonspawn Fighter began the quest for the Orb.
     0 | D:1      | Reached XP level 1. HP: 18/18 MP: 1/1
   235 | D:1      | Gained mutation: You have sharp fingernails. [demonic
                  | ancestry]
   235 | D:1      | Reached XP level 2. HP: 20/24 MP: 2/2
   820 | D:2      | Reached XP level 3. HP: 21/29 MP: 3/3
  1137 | D:2      | Noticed Natasha
  1145 | D:2      | Killed Natasha
  1239 | D:2      | Gained mutation: You sometimes gain a little power by
                  | taking damage. [demonic ancestry]
  1239 | D:2      | Reached XP level 4. HP: 34/35 MP: 4/4
  1479 | D:2      | Noticed Natasha
  1483 | D:2      | Killed Natasha
  1731 | D:2      | Noticed Natasha
  1746 | D:2      | Killed Natasha
  1746 | D:2      | Reached XP level 5. HP: 5/41 MP: 5/5
  2906 | D:3      | Reached XP level 6. HP: 42/47 MP: 6/6
  2978 | D:3      | Reached skill level 1 in Dodging
  3149 | D:3      | Noticed Terence
  3159 | D:3      | Killed Terence
  3423 | D:4      | Found a glowing drain.
  3468 | Sewer    | Entered a sewer
  3674 | Sewer    | Reached XP level 7. HP: 52/53 MP: 7/7
  3794 | Sewer    | Reached skill level 5 in Axes
  3986 | D:4      | Noticed Menkaure
  3992 | D:4      | Killed Menkaure
  4204 | D:4      | Noticed Ijyb
  4214 | D:4      | Paralysed by Ijyb for 4 turns
  4220 | D:4      | Killed Ijyb
  4702 | D:4      | Found Fuant's Book Boutique.
  4738 | D:4      | Noticed a two-headed ogre
  4781 | D:5      | Entered Level 5 of the Dungeon
  4781 | D:5      | Found a sand-covered staircase.
  4788 | D:5      | Gained mutation: When hurt, damage is shared between your
                  | health and your magic reserves. [demonic ancestry]
  4788 | D:5      | Reached XP level 8. HP: 59/60 MP: 8/8
  4796 | Ossuary  | Entered an ossuary
  5486 | D:5      | Noticed Edmund
  5514 | D:5      | Killed Edmund
  5668 | D:5      | Reached skill level 5 in Fighting
  5669 | D:5      | Noticed Grinder
  5693 | D:5      | Paralysed by Grinder for 4 turns
  5699 | D:5      | Killed Grinder
  5699 | D:5      | Reached skill level 5 in Shields
  6621 | D:6      | Gained mutation: You are surrounded by a mild repulsion
                  | field. (EV +2) [demonic ancestry]
  6621 | D:6      | Reached XP level 9. HP: 39/68 MP: 5/9
  6622 | D:6      | Found a staircase to the Ecumenical Temple.
  6860 | Temple   | Entered the Ecumenical Temple
  6969 | Temple   | Became a worshipper of Warmaster Okawaru
  7338 | D:6      | Reached skill level 5 in Armour
  7424 | D:6      | You fall through a shaft!
  7493 | D:6      | Got a heavy robe
  7504 | D:6      | Identified the +1 robe "Aloig" {Regen+} (You found it on
                  | level 6 of the Dungeon)
  7792 | D:6      | Reached * piety under Okawaru
  9217 | D:8      | Found Kicsim's Assorted Antiques.
  9253 | D:8      | Bought a spiked scale mail for 279 gold pieces
  9263 | D:8      | Identified the +0 scale mail "Sut Dat" {Int+6 Slay+3} (You
                  | bought it in a shop on level 8 of the Dungeon)
  9271 | D:8      | You fall through a shaft for 2 floors!
  9271 | D:10     | Entered Level 10 of the Dungeon
  9329 | D:9      | Noticed a two-headed ogre
  9333 | D:9      | Reached ** piety under Okawaru
  9345 | D:9      | Killed a two-headed ogre
  9345 | D:9      | Reached XP level 10. HP: 36/76 MP: 4/10
  9542 | D:8      | Reached skill level 10 in Axes
  9601 | D:8      | Found a snail-covered altar of Cheibriados.
  9632 | D:8      | Found a staircase to the Lair.
 10204 | D:8      | Noticed a two-headed ogre
 10212 | D:8      | Killed a two-headed ogre
 11024 | D:9      | Reached *** piety under Okawaru
 11510 | D:9      | Reached skill level 1 in Stealth
 11532 | D:9      | Found a transporter.
 11534 | D:9      | Noticed Aske's ghost (journeyman HaBe)
 11545 | D:9      | Found a transporter.
 12222 | D:10     | Reached skill level 1 in Invocations
 12398 | D:10     | Noticed a two-headed ogre
 12407 | D:10     | Killed a two-headed ogre
 12407 | D:10     | Reached **** piety under Okawaru
 12407 | D:10     | Gained mutation: You have very sharp fingernails. [demonic
                  | ancestry]
 12407 | D:10     | Reached XP level 11. HP: 71/84 MP: 7/11
 13206 | D:11     | Found a roughly hewn altar of Beogh.
 13206 | D:11     | Found a staircase to the Orcish Mines.
 13674 | D:11     | Found Cyhohajiu's Book Boutique.
 13940 | D:11     | Noticed Snorg
 13962 | D:11     | Killed Snorg
 13962 | D:11     | Reached ***** piety under Okawaru
 14263 | D:11     | Found Taefo's Food Boutique.
 14487 | Orc:1    | Entered Level 1 of the Orcish Mines
 14603 | Orc:1    | Noticed an orc knight
 14664 | Orc:1    | Noticed an orc knight
 14839 | D:12     | Noticed a two-headed ogre
 14843 | D:12     | Found a burning altar of Makhleb.
 14854 | D:12     | Killed a two-headed ogre
 14946 | D:12     | Found a frozen archway.
 14947 | D:12     | Noticed an ice dragon
 14966 | D:12     | Received a gift from Okawaru
 15020 | D:12     | Killed an ice dragon
 15020 | D:12     | Reached skill level 5 in Dodging
 15093 | IceCv    | Entered an ice cave
 15249 | IceCv    | Reached XP level 12. HP: 92/92 MP: 13/13
 16074 | IceCv    | Noticed a frost giant
 16295 | IceCv    | Killed a frost giant
 16295 | IceCv    | Received a gift from Okawaru
 16458 | IceCv    | Got a polished battleaxe
 16479 | IceCv    | Identified the +6 battleaxe "Guomeh" {flame, rN+ Dex+2}
                  | (You found it in an ice cave)
 16835 | D:12     | Noticed a deep elf high priest
 16835 | D:12     | Noticed a sphinx
 16939 | D:9      | Killed Aske's ghost
 16957 | D:9      | Got an ancient ivory ring
 17019 | D:9      | Identified the cursed ring "Quveem" {+Blink rElec rPois
                  | Int-3 Slay-3} (You found it on level 9 of the Dungeon)
 17097 | Lair:1   | Entered Level 1 of the Lair of Beasts
 17141 | Lair:1   | Noticed a five-headed hydra
 17144 | Lair:1   | Killed a four-headed hydra
 17144 | Lair:1   | Gained mutation: You sometimes gain power by taking damage.
                  | [demonic ancestry]
 17144 | Lair:1   | Reached XP level 13. HP: 101/101 MP: 15/15
 18575 | Lair:2   | Received a gift from Okawaru
 18993 | Lair:3   | Identified a scroll of acquirement
 19034 | Lair:3   | Got a warped robe
 19045 | Lair:3   | Identified the cursed +1 robe of Patience {Str+5} (You
                  | found it on level 3 of the Lair of Beasts)
 19145 | Lair:3   | Found a staircase to the Shoals.
 19536 | Lair:3   | Reached ****** piety under Okawaru
 19828 | Lair:4   | Identified An Early Guide to Witchery
 19849 | Lair:4   | Reached skill level 10 in Fighting
 19981 | Lair:4   | Reached skill level 15 in Axes
 20046 | Lair:4   | Found a hole to the Spider Nest.
 20321 | Lair:4   | Received a gift from Okawaru
 20321 | Lair:4   | Gained mutation: You have claws for hands. [demonic
                  | ancestry]
 20321 | Lair:4   | Reached XP level 14. HP: 106/110 MP: 13/16
 21009 | Lair:5   | Noticed Rupert
 21026 | Lair:5   | Killed Rupert
 21073 | Lair:5   | Found a staircase to the Slime Pits.
 21073 | Lair:5   | Found a viscous altar of Jiyva.
 21202 | Lair:5   | Found a runed translucent gate.
 21203 | Lair:5   | Found a runed translucent gate.
 21204 | Lair:5   | Found a runed translucent gate.
 21205 | Lair:5   | Noticed Yorgos's ghost (journeyman SpSk)
 21206 | Lair:5   | Noticed eyesofgods1's ghost (journeyman GrFi)
 21223 | Lair:5   | Killed Yorgos's ghost
 21241 | Lair:5   | Killed eyesofgods1's ghost
 21592 | Lair:6   | Entered Level 6 of the Lair of Beasts
 21696 | Lair:6   | Received a gift from Okawaru
 22143 | Lair:6   | Received a gift from Okawaru
 22576 | Lair:6   | Found a runed translucent door.
 23038 | Lair:6   | Reached XP level 15. HP: 115/119 MP: 15/17
 23124 | Lair:6   | Identified Kyowesse's Papyrus of Cloudy Boosts
 23741 | Orc:1    | Found a runed translucent gate.
 23742 | Orc:1    | Found a runed translucent gate.
 23742 | Orc:1    | Found a runed translucent gate.
 23745 | Orc:1    | Noticed Wiebster667's ghost (journeyman OpFi)
 23745 | Orc:1    | Noticed Noname's ghost (journeyman HaHu)
 23985 | Orc:1    | Killed Noname's ghost
 23996 | Orc:1    | Killed Wiebster667's ghost
 24088 | Orc:2    | Entered Level 2 of the Orcish Mines
 24138 | Orc:2    | Noticed Sonja
 24155 | Orc:2    | Killed Sonja
 24186 | Orc:1    | Received a gift from Okawaru
 24196 | Orc:1    | Got a pair of crude boots {god gift}
 24207 | Orc:1    | Identified the +1 pair of boots "Qajaora" {*Drain rF+ rC+}
                  | (Okawaru gifted it to you on level 1 of the Orcish Mines)
 24377 | Orc:2    | Found a staircase to the Elven Halls.
 24818 | Orc:2    | Noticed an orc warlord
 24846 | Orc:2    | Killed an orc warlord
 24987 | Orc:2    | Found Cioregg's Book Boutique.
 25130 | Orc:2    | Found an ancient bone altar of Kikubaaqudgha.
 25142 | Orc:2    | Paralysed by an orc sorcerer for 3 turns
 25150 | Orc:2    | Found Xiote's Antique Armour Boutique.
 25229 | Orc:2    | Found a radiant altar of Vehumet.
 25257 | Orc:2    | Found a roughly hewn altar of Beogh.
 25257 | Orc:2    | Found Yfuof's Magic Scroll Boutique.
 25300 | Orc:2    | Found Sofagad's Gadget Shop.
 25579 | D:12     | Killed a sphinx
 25579 | D:12     | Reached skill level 10 in Shields
 25657 | D:12     | Noticed a frost giant
 25744 | D:12     | Killed a frost giant
 26090 | D:13     | Found a transporter.
 26121 | D:13     | Noticed Josephine
 26136 | D:13     | Killed Josephine
 26147 | D:13     | Found a burning altar of Makhleb.
 26177 | D:13     | Received a gift from Okawaru
 26268 | D:13     | Found a gate to the Vaults.
 26561 | D:13     | Found a transporter.
 26864 | D:13     | Gained mutation: You are powered by pain. [demonic
                  | ancestry]
 26864 | D:13     | Reached XP level 16. HP: 129/129 MP: 19/19
 27625 | D:14     | You fall through a shaft!
 27625 | D:15     | Entered Level 15 of the Dungeon
 27690 | D:14     | Received a gift from Okawaru
 28269 | D:15     | Found a deep blue altar of Sif Muna.
 28412 | D:15     | Found a white marble altar of Elyvilon.
 28430 | D:15     | Identified the +0 large shield of the Skies Above {*Drain
                  | rN+ MP+9 Int+4}
 28430 | D:15     | Noticed Louise
 28446 | D:15     | Killed Louise
 28446 | D:15     | Received a gift from Okawaru
 28458 | D:15     | Got an encrusted hand axe {god gift}
 28459 | D:15     | Identified the +10 hand axe "Hydra's Foe" {flame, +Rage rC-
                  | rN+ Int+2 SInv} (Okawaru gifted it to you on level 15 of
                  | the Dungeon)
 28578 | D:15     | Found a radiant altar of Vehumet.
 28606 | D:15     | Noticed Agnes
 28643 | D:15     | Killed Agnes
 29312 | D:15     | Found a staircase to the Depths.
 29683 | Elf:1    | Entered Level 1 of the Elven Halls
 29695 | Elf:1    | Reached skill level 5 in Stealth
 29833 | Elf:1    | Received a gift from Okawaru
 30053 | Elf:1    | Reached skill level 10 in Dodging
 30266 | Elf:1    | Gained mutation: You are surrounded by a moderate repulsion
                  | field. (EV +3) [demonic ancestry]
 30266 | Elf:1    | Reached XP level 17. HP: 76/137 MP: 14/20
 30423 | Elf:1    | Found an ancient bone altar of Kikubaaqudgha.
 30458 | Elf:1    | Found Ibagiceb's Jewellery Emporium.
 30534 | Elf:1    | Received a gift from Okawaru
 30539 | Elf:1    | Got a brightly glowing shield {god gift}
 30550 | Elf:1    | Identified the +4 shield of Ahidapp {*Slow Str+5 Int-5
                  | SInv} (Okawaru gifted it to you on level 1 of the Elven
                  | Halls)
 30973 | Elf:1    | Identified the Guide on the Compass
 31256 | Elf:1    | Learned a level 8 spell: Controlled Blink
 31674 | Elf:2    | Reached skill level 5 in Invocations
 31781 | Elf:2    | Found a sparkling altar of Nemelex Xobeh.
 32006 | Elf:2    | Received a gift from Okawaru
 32016 | Elf:2    | Found a runed translucent gate.
 32016 | Elf:2    | Found a runed translucent gate.
 32016 | Elf:2    | Found a runed translucent gate.
 32817 | Elf:3    | Entered Level 3 of the Elven Halls
 33018 | Elf:3    | Found Daygyff's Jewellery Emporium.
 33031 | Elf:3    | Found Xirosusi's Gadget Shop.
 33032 | Elf:3    | Found Ebilel's Jewellery Emporium.
 33063 | Elf:3    | Noticed Aizul
 33077 | Elf:3    | Killed Aizul
 33077 | Elf:3    | Received a gift from Okawaru
 33182 | Elf:3    | Noticed Mara
 33202 | Elf:3    | Noticed a deep elf blademaster
 33219 | Elf:3    | Noticed galech's illusion
 33297 | Elf:3    | Reached XP level 18. HP: 130/146 MP: 16/21
 33323 | Elf:3    | Cast into level 4 of the Abyss (deep elf blademaster)
 33370 | Abyss:4  | Lost intelligence.
 33438 | Elf:3    | Escaped the Abyss
 33451 | Elf:2    | Noticed galech's illusion
 33551 | Elf:2    | Noticed galech's illusion
 33563 | Elf:2    | Killed Mara
 34095 | Spider:1 | Entered Level 1 of the Spider Nest
 34831 | Elf:3    | Cast into level 3 of the Abyss (deep elf blademaster)
 34923 | Abyss:3  | Noticed a bone dragon
 35123 | Abyss:3  | Received a gift from Okawaru
 35234 | Elf:3    | Escaped the Abyss
 35669 | Elf:3    | Reached skill level 15 in Fighting
 35687 | Elf:3    | Received a gift from Okawaru
 35715 | Elf:3    | Identified the +2 double sword "Cacie" {vamp, *Noise Dex+5}
 35985 | Elf:3    | Cast into level 3 of the Abyss (deep elf blademaster)
 36072 | Abyss:3  | Gained mutation: You are surrounded by a strong repulsion
                  | field. (EV +4, RMsl) [demonic ancestry]
 36072 | Abyss:3  | Reached XP level 19. HP: 155/155 MP: 23/23
 36157 | Abyss:3  | Lost intelligence.
 36231 | Abyss:3  | Noticed a hellephant
 36255 | Abyss:3  | Killed a hellephant
 36285 | Abyss:3  | Gained mutation: You tend to lose your temper in combat. [a
                  | cacodemon]
 36316 | Elf:3    | Escaped the Abyss
 36317 | Elf:3    | Identified the cursed ring of Hocal {rC- AC-3 Str+7 Dex+5}
 36317 | Elf:3    | Identified the ring of Surom {rF+ MP+9 SInv}
 36978 | Elf:3    | Identified The Lost Grimoire of the Deep Elf Lorekeeper
 36993 | Elf:3    | Identified Sif Muna's Collected Works on Sinister Flames
 37448 | Depths:1 | Entered Level 1 of the Depths
 37448 | Depths:1 | Found a one-way gate to the infinite horrors of the Abyss.
 37466 | Depths:1 | Received a gift from Okawaru
 37546 | Depths:1 | Found a gateway to Hell.
 37808 | Depths:1 | Reached skill level 15 in Shields
 37818 | Depths:1 | Received a gift from Okawaru
 38118 | Depths:1 | Cast into level 3 of the Abyss (a wizard)
 38118 | Abyss:3  | Found a corrupted altar of Lugonu.
 38260 | Abyss:3  | Paralysed by accursed screaming for 2 turns
 38282 | Abyss:3  | Paralysed by accursed screaming for 1 turns
 38320 | Depths:1 | Escaped the Abyss
 38529 | Depths:2 | Found a gateway to a ziggurat.
 38535 | Depths:2 | Received a gift from Okawaru
 38541 | Depths:2 | Paralysed by a floating eye for 4 turns
 38589 | Depths:2 | Reached XP level 20. HP: 41/164 MP: 21/24
 38684 | Depths:2 | Gained mutation: Armour fits poorly on your strangely
                  | shaped body. [mutagenic glow]
 38719 | Depths:2 | Found Poyg's General Store.
 39114 | Depths:2 | Found Giefugaz's Antique Weapon Boutique.
 39292 | Depths:2 | Found Aduan's Assorted Antiques.
 39413 | Depths:2 | HP: 6/166 [thorn hunter/volley of thorns (22)]
 39874 | Depths:3 | Found a one-way gate leading to the halls of Pandemonium.
 39976 | Depths:3 | Received a gift from Okawaru
 40073 | Depths:3 | Noticed an ancient lich
 40075 | Depths:3 | Noticed Hyticse's ghost (veteran OpCK)
 40077 | Depths:3 | Found a transporter.
 40273 | Depths:3 | Paralysed by a hornet for 1 turns
 40502 | Depths:3 | Lost mutation: You tend to lose your temper in combat.
                  | [potion of mutation]
 40502 | Depths:3 | Lost mutation: Armour fits poorly on your strangely shaped
                  | body. [potion of mutation]
 40502 | Depths:3 | Gained mutation: You are agile. (Dex +2) [potion of
                  | mutation]
 40502 | Depths:3 | Gained mutation: Your system is resistant to poisons.
                  | (rPois) [potion of mutation]
 40502 | Depths:3 | Gained mutation: You are resistant to hostile enchantments.
                  | (MR+) [potion of mutation]
 40502 | Depths:3 | Gained mutation: You possess an exceptional clarity of
                  | mind. [potion of mutation]
 40808 | Depths:3 | Found a transporter.
 41288 | Depths:4 | Noticed a caustic shrike
 41288 | Depths:4 | Noticed a caustic shrike
 41288 | Depths:4 | Noticed a caustic shrike
 41288 | Depths:4 | Noticed a caustic shrike
 41288 | Depths:4 | Noticed a caustic shrike
 41302 | Depths:4 | Killed a caustic shrike
 41309 | Depths:4 | Killed a caustic shrike
 41316 | Depths:4 | Killed a caustic shrike
 41316 | Depths:4 | Received a gift from Okawaru
 41338 | Depths:4 | Killed a caustic shrike
 41338 | Depths:4 | Gained mutation: You are robust. (+10% HP) [demonic
                  | ancestry]
 41338 | Depths:4 | Reached XP level 21. HP: 142/191 MP: 26/26
 41380 | Depths:4 | Noticed a golden dragon
 41386 | Depths:4 | Killed a caustic shrike
 41589 | Depths:4 | Received a gift from Okawaru
 41962 | Depths:4 | Found Gen Vid's Armour Emporium.
 42531 | Depths:5 | Entered Level 5 of the Depths
 42584 | Depths:5 | Paralysed by a floating eye for 2 turns
 42682 | Depths:5 | Found Noxoudgh's Antique Weapon Shoppe.
 42684 | Depths:5 | Found Useq's Antique Weapon Shoppe.
 42684 | Depths:5 | Found Jailowyf's Book Emporium.
 42689 | Depths:5 | Found Citi's Antique Weapon Emporium.
 42787 | Depths:5 | Found a gate to the Realm of Zot.
 43504 | Depths:5 | Noticed a juggernaut
 43551 | Depths:5 | Killed a juggernaut
 43551 | Depths:5 | Received a gift from Okawaru
 44379 | Spider:1 | Got a distressingly furry scale mail
 44390 | Spider:1 | Identified the +6 scale mail of Proximity {Regen+ SInv
                  | Stlth-} (You found it on level 1 of the Spider Nest)
 44561 | Spider:1 | Found a runed translucent door.
 44855 | Spider:1 | Reached skill level 1 in Translocations
 45240 | Spider:2 | Gained mutation: You are very robust. (+20% HP) [demonic
                  | ancestry]
 45240 | Spider:2 | Reached XP level 22. HP: 191/217 MP: 27/27
 45355 | Spider:2 | Identified the ring "Diawopoamm" {rPois rF- rN+ Int+6
                  | Stlth+} (You found it on level 2 of the Spider Nest)
 45964 | Spider:3 | Paralysed by a hornet for 3 turns
 46444 | Spider:4 | Entered Level 4 of the Spider Nest
 46485 | Spider:4 | Received a gift from Okawaru
 47071 | Spider:4 | Noticed Arachne
 47101 | Spider:4 | Received a gift from Okawaru
 47118 | Spider:4 | Killed Arachne
 47257 | Spider:4 | Got a gossamer rune of Zot
 47684 | Spider:4 | Identified the +6 shield "Hecateo" {rC+ rN+ Dex-2 Stlth+}
 47684 | Spider:4 | Noticed Donald
 47702 | Spider:4 | Killed Donald
 48115 | Slime:1  | Entered Level 1 of the Pits of Slime
 48326 | Slime:2  | Gained mutation: Your body sometimes deteriorates upon
                  | taking damage. [a shining eye]
 48329 | Slime:2  | Gained mutation: You are dopey. (Int -2) [a shining eye]
 48705 | Slime:5  | Entered Level 5 of the Pits of Slime
 48725 | Slime:5  | Reached skill level 5 in Translocations
 48726 | Slime:5  | Noticed the Royal Jelly
 48790 | Slime:5  | Found a viscous altar of Jiyva.
 48880 | Slime:5  | Killed the Royal Jelly
 48880 | Slime:5  | Received a gift from Okawaru
 49184 | Slime:5  | Identified Sif Muna's Handbook of Supportive Cold
 49211 | Slime:5  | Identified Omunk's Reference Book on Conjuration
 49274 | Slime:5  | Got a slimy rune of Zot
 49292 | Slime:5  | Identified the amulet "Tawiqa" {Gourm rF+} (You found it on
                  | level 5 of the Pits of Slime)
 49322 | Slime:5  | Got a faintly glowing leather armour
 49333 | Slime:5  | Identified the cursed +0 leather armour of Awe {-Cast rPois
                  | Str+5} (You found it on level 5 of the Pits of Slime)
 49586 | Shoals:1 | Entered Level 1 of the Shoals
 49649 | Shoals:1 | Gained mutation: You regenerate magic rapidly. [demonic
                  | ancestry]
 49649 | Shoals:1 | Reached XP level 23. HP: 209/227 MP: 26/29
 49973 | Shoals:1 | Found a runed translucent door.
 49982 | Shoals:1 | Noticed Inuluch's ghost (adept MfBe)
 50001 | Shoals:1 | Killed Inuluch's ghost
 50017 | Shoals:1 | Got an ancient hat
 50023 | Shoals:1 | Identified the +3 hat "Tuuharod" {*Contam rElec rN+} (You
                  | found it on level 1 of the Shoals)
 50832 | Shoals:2 | Noticed Polyphemus
 50835 | Shoals:2 | Noticed Ilsuiw
 50855 | Shoals:2 | Killed Polyphemus
 50905 | Shoals:2 | Killed Ilsuiw
 50990 | Shoals:2 | Noticed Nikola
 51007 | Shoals:2 | Killed Nikola
 51684 | Shoals:3 | Noticed Bai Suzhen
 51686 | Shoals:3 | Found a gateway to a bazaar.
 51716 | Shoals:3 | Killed Bai Suzhen
 51811 | Bazaar   | Entered a bazaar
 51825 | Bazaar   | Found Kost's Antique Weapon Emporium.
 51836 | Bazaar   | Found Pucam's Antique Weapon Shoppe.
 51852 | Bazaar   | Found Iptish's Antique Armour Emporium.
 51863 | Bazaar   | Found Misheam's Antique Armour Shoppe.
 52321 | Shoals:4 | Entered Level 4 of the Shoals
 52636 | Shoals:4 | Received a gift from Okawaru
 52821 | Shoals:4 | Got a barnacled rune of Zot
 53028 | Shoals:4 | Identified the +6 war axe of a Billion Souls {chop, rPois
                  | rN+ Str+3}
 53782 | Vaults:1 | Entered Level 1 of the Vaults
 53821 | Vaults:1 | Found an ancient bone altar of Kikubaaqudgha.
 54011 | Vaults:1 | Noticed Asterion
 54030 | Vaults:1 | Killed Asterion
 54286 | Vaults:1 | Reached XP level 24. HP: 223/239 MP: 29/29
 54414 | Vaults:1 | Received a gift from Okawaru
 54614 | Vaults:1 | You fall through a shaft!
 54614 | Vaults:2 | Found a staircase to the Crypt.
 54902 | Vaults:2 | Received a gift from Okawaru
 55258 | Vaults:2 | Found Seadwy's Weapon Emporium.
 55259 | Vaults:2 | Found Wismi's Gadget Emporium.
 55261 | Vaults:2 | Found Dolipsoa's Book Emporium.
 55854 | Vaults:1 | Found Ucurrow's Assorted Antiques.
 56481 | Vaults:3 | Received a gift from Okawaru
 56946 | Vaults:3 | Noticed Sojobo
 56957 | Vaults:3 | Killed Sojobo
 56957 | Vaults:3 | Reached skill level 10 in Translocations
 57106 | Vaults:3 | Gained mutation: When low on magic, you restore magic in
                  | place of health. [demonic ancestry]
 57106 | Vaults:3 | Reached XP level 25. HP: 251/251 MP: 29/29
 57294 | Vaults:3 | You fall through a shaft!
 58001 | Vaults:4 | Reached skill level 10 in Armour
 58135 | Vaults:4 | Noticed Boris
 58151 | Vaults:4 | Killed Boris
 58151 | Vaults:4 | Received a gift from Okawaru
 58319 | Vaults:4 | Found Itimel's Gadget Shop.
 58882 | Vaults:5 | Entered Level 5 of the Vaults
 58942 | Vaults:5 | Received a gift from Okawaru
 59062 | Vaults:5 | Noticed an ancient lich
 59087 | Vaults:5 | Killed an ancient lich
 59110 | Vaults:5 | Gained mutation: You are extremely robust. (+30% HP)
                  | [demonic ancestry]
 59110 | Vaults:5 | Reached XP level 26. HP: 102/285 MP: 27/29
 59312 | Vaults:5 | Received a gift from Okawaru
 59327 | Vaults:5 | Reached skill level 15 in Dodging
 59768 | Vaults:5 | Got a pitted zirconium amulet
 59798 | Vaults:5 | Identified an amulet "Waothre" {Inacc -Tele rC+ Dex+4} (You
                  | found it on level 5 of the Vaults)
 59800 | Vaults:5 | Identified the +2 chain mail "Ebbeom" {Regen+ Slay+2} (You
                  | found it on level 5 of the Vaults)
 59903 | Vaults:5 | Got a silver rune of Zot
 60505 | Crypt:1  | Entered Level 1 of the Crypt
 60537 | Crypt:1  | Found a magical portal.
 60546 | WizLab   | Entered The Hall of the Hellbinder
 60939 | WizLab   | Found a burning altar of Makhleb.
 61235 | WizLab   | Got a polished cloak
 61352 | WizLab   | Identified the Tome of Summoning
 61399 | WizLab   | Identified the +1 cloak of Leumoy {rF+} (You found it in a
                  | wizard's laboratory)
 61815 | Crypt:1  | Received a gift from Okawaru
 61826 | Crypt:1  | Identified the +1 hand axe "Pyronig" {chop, *Corrode Str+7}
                  | (Okawaru gifted it to you on level 1 of the Crypt)
 61908 | Crypt:1  | Found the +12 Vampire's Tooth {vamp}
 62230 | Crypt:2  | Reached skill level 1 in Spellcasting
 62621 | Crypt:2  | Found a basalt altar of Yredelemnul.
 62979 | Crypt:3  | Entered Level 3 of the Crypt
 63074 | Crypt:3  | Reached XP level 27. HP: 300/300 MP: 29/29
 63086 | Crypt:3  | Received a gift from Okawaru
 63767 | Crypt:3  | Found a staircase to the Tomb.
 63865 | Crypt:3  | Found an ancient bone altar of Kikubaaqudgha.
 63868 | Crypt:3  | Found a basalt altar of Yredelemnul.
 63885 | Crypt:3  | Got a flickering steel ring
 63887 | Crypt:3  | Identified the ring of Tillaero {rPois rN+ Int-5 SInv} (You
                  | found it on level 3 of the Crypt)
 63888 | Crypt:3  | Identified the ring "Qaimeo" {-Tele rN+ Str+5} (You found
                  | it on level 3 of the Crypt)
 63889 | Crypt:3  | Identified the ring "Qeonualo" {rF+ rN+ Int-3 Dex+4 SInv}
                  | (You found it on level 3 of the Crypt)
 64319 | Hell     | Entered the Vestibule of Hell
 64319 | Hell     | Noticed Geryon
 64393 | Hell     | Killed Geryon
 64536 | Hell     | Found a gateway to the freezing wastes of Cocytus.
 64694 | Hell     | Reached skill level 5 in Spellcasting
 64705 | Hell     | Found a gateway to the decaying netherworld of Tartarus.
 64762 | Hell     | Found a gateway to the ashen valley of Gehenna.
 64794 | Hell     | Received a gift from Okawaru
 64897 | Hell     | Found a gateway to the Iron City of Dis.
 65139 | Depths:3 | Cast into level 5 of the Abyss (an ancient lich)
 65139 | Abyss:5  | Entered Level 5 of the Abyss
 65139 | Abyss:5  | Entered Level 5 of the Abyss
 65253 | Abyss:5  | Lost mutation: You possess an exceptional clarity of mind.
                  | [a neqoxec]
 65330 | Abyss:5  | Paralysed by accursed screaming for 1 turns
 65331 | Abyss:5  | Found a corrupted altar of Lugonu.
 65541 | Abyss:5  | Paralysed by accursed screaming for 1 turns
 65625 | Abyss:5  | Received a gift from Okawaru
 65767 | Abyss:5  | Found a corrupted altar of Lugonu.
 65884 | Abyss:5  | Paralysed by accursed screaming for 1 turns
 65887 | Abyss:5  | Paralysed by accursed screaming for 2 turns
 65904 | Abyss:5  | Paralysed by you for 2 turns
 65912 | Abyss:5  | Noticed an ancient lich
 65912 | Abyss:5  | Paralysed by accursed screaming for 1 turns
 65933 | Abyss:5  | Received a gift from Okawaru
 65937 | Abyss:5  | Killed an ancient lich
 65949 | Abyss:5  | Got brightly glowing quicksilver dragon scales {god gift}
 65993 | Abyss:5  | Paralysed by accursed screaming for 1 turns
 66011 | Abyss:5  | Paralysed by accursed screaming for 2 turns
 66013 | Abyss:5  | HP: 15/301 [starcursed mass/accursed screaming (14)]
 66025 | Depths:3 | Escaped the Abyss
 66039 | Depths:3 | Killed an ancient lich
 66040 | Depths:3 | HP: 13/305 [spark wasp[Hyticse's ghost] (3)]
 66040 | Depths:3 | HP: 3/305 [Hyticse's ghost (10)]
 66285 | Depths:3 | Killed Hyticse's ghost
 66446 | Dis:1    | Entered Level 1 of the Iron City of Dis
 67331 | Dis:5    | Received a gift from Okawaru
 67362 | Dis:5    | Identified the quicksilver dragon scales of the Cockroach
                  | {rPois MR+ rCorr} (Okawaru gifted it to you on level 5 of
                  | the Abyss)
 67885 | Dis:7    | Entered Level 7 of the Iron City of Dis
 67973 | Dis:7    | Received a gift from Okawaru
 68338 | Dis:7    | Reached skill level 10 in Invocations
 68344 | Dis:7    | Reached skill level 15 in Translocations
 68830 | Dis:7    | Identified the +4 staff of Dispater
 68830 | Dis:7    | Noticed Dispater
 69348 | Dis:7    | Reached skill level 10 in Spellcasting
 69439 | Dis:7    | Received a gift from Okawaru
 69466 | Dis:7    | Identified the ring of Jimofu {Ice rN++ Int+3 Dex-4} (You
                  | found it on level 7 of the Iron City of Dis)
 70222 | Dis:7    | Received a gift from Okawaru
 70524 | Dis:7    | Got a pitted wooden ring
 70525 | Dis:7    | Identified the ring of Tiwiop {rN+++ MP+9 Str+3 Dex-4 SInv}
                  | (You found it on level 7 of the Iron City of Dis)
 70856 | Dis:7    | Killed Dispater
 70921 | Dis:7    | Received a gift from Okawaru
 70973 | Dis:7    | Got an iron rune of Zot
 71005 | Dis:7    | Got a steaming shield
 71006 | Dis:7    | Identified the +4 shield of the Abyss {rF+ Int+2 Dex-2}
                  | (You found it on level 7 of the Iron City of Dis)
 71239 | Geh:1    | Entered Level 1 of Gehenna
 73165 | Geh:6    | Received a gift from Okawaru
 73394 | Geh:7    | Entered Level 7 of Gehenna
 74095 | Geh:7    | Paralysed by an eldritch tentacle for 2 turns
 74269 | Geh:7    | Noticed an ancient lich
 74282 | Geh:7    | Killed an ancient lich
 74463 | Geh:7    | Reached skill level 10 in Stealth
 74703 | Geh:7    | Noticed the Serpent of Hell
 74724 | Geh:7    | Killed the Serpent of Hell
 74914 | Geh:7    | Identified the +4 battleaxe "Aroukeabb" {flame, Fragile
                  | MR+++ Int+8 Dex-2} (You found it on level 7 of Gehenna)
 74962 | Geh:7    | Identified the +7 sceptre of Asmodeus
 74962 | Geh:7    | Noticed Asmodeus
 74999 | Geh:7    | Killed Asmodeus
 75045 | Geh:7    | Got an obsidian rune of Zot
 75196 | Geh:7    | Received a gift from Okawaru
 75199 | Geh:7    | Got a smelly plate armour {god gift}
 75210 | Geh:7    | Identified the +2 plate armour "Rurghaig" {MP+9 Str-2
                  | Stlth+} (Okawaru gifted it to you on level 7 of Gehenna)
 75411 | Geh:7    | Identified the Incunabulum of Curses
 76112 | Coc:1    | Entered Level 1 of Cocytus
 76211 | Tar:1    | Entered Level 1 of Tartarus
 77055 | Tar:4    | Received a gift from Okawaru
 77742 | Tar:7    | Entered Level 7 of Tartarus
 78326 | Tar:7    | Received a gift from Okawaru
 78959 | Tar:7    | Noticed Ereshkigal
 79965 | Tar:7    | Received a gift from Okawaru
 80805 | Tar:7    | Killed Ereshkigal
 80852 | Tar:7    | Got a bone rune of Zot
 80981 | Tar:7    | Received a gift from Okawaru
 81018 | Tar:7    | Got an ancient crystal plate armour {god gift}
 81029 | Tar:7    | Identified the +2 crystal plate armour of Focus {rPois rN+
                  | SInv} (Okawaru gifted it to you on level 7 of Tartarus)
 81661 | Tar:7    | Found the +5 demon whip "Spellbinder" {antimagic, MR+}
 82447 | Depths:1 | Voluntarily entered the Abyss.
 82471 | Abyss:1  | Paralysed by accursed screaming for 1 turns
 82581 | Abyss:1  | Found a shimmering altar of Xom.
 82582 | Abyss:1  | Found a shimmering altar of Xom.
 82582 | Abyss:1  | Found a shimmering altar of Xom.
 82582 | Abyss:1  | Found a shimmering altar of Xom.
 82583 | Abyss:1  | Found a shimmering altar of Xom.
 82584 | Abyss:1  | Found a corrupted altar of Lugonu.
 82584 | Abyss:1  | Found a shimmering altar of Xom.
 82584 | Abyss:1  | Found a shimmering altar of Xom.
 82584 | Abyss:1  | Found a shimmering altar of Xom.
 82584 | Abyss:1  | Found a shimmering altar of Xom.
 82585 | Abyss:1  | Found a shimmering altar of Xom.
 82585 | Abyss:1  | Found a shimmering altar of Xom.
 82585 | Abyss:1  | Found a shimmering altar of Xom.
 82585 | Abyss:1  | Found a shimmering altar of Xom.
 82586 | Abyss:1  | Found a shimmering altar of Xom.
 82586 | Abyss:1  | Found a shimmering altar of Xom.
 82586 | Abyss:1  | Found a shimmering altar of Xom.
 82586 | Abyss:1  | Found a shimmering altar of Xom.
 82586 | Abyss:1  | Found a shimmering altar of Xom.
 82654 | Abyss:1  | Received a gift from Okawaru
 82751 | Abyss:1  | Reached skill level 15 in Spellcasting
 83390 | Abyss:3  | Found a deep blue altar of Sif Muna.
 83458 | Abyss:3  | Paralysed by you for 4 turns
 83719 | Abyss:3  | Found a deep blue altar of Sif Muna.
 83833 | Abyss:3  | Received a gift from Okawaru
 84174 | Abyss:3  | Got an ancient steel ring
 84176 | Abyss:3  | Identified the ring "Zurremas" {rCorr rC+ Dex+4 Slay+3}
                  | (You found it on level 3 of the Abyss)
 84402 | Abyss:3  | Found a deep blue altar of Sif Muna.
 84635 | Abyss:3  | Received a gift from Okawaru
 84639 | Abyss:3  | Got a slimy war axe {god gift}
 84646 | Abyss:3  | Identified the +7 war axe of Gallantry {flame, rF+ rN+
                  | Str+3} (Okawaru gifted it to you on level 3 of the Abyss)
 84704 | Abyss:3  | Reached skill level 27 in Axes
 84756 | Abyss:3  | Gained mutation: You occasionally shout uncontrollably at
                  | your foes. [a neqoxec]
 84892 | Abyss:3  | Gained mutation: Scrolls take you a little longer to read.
                  | [a cacodemon]
 84894 | Abyss:3  | Gained mutation: You are very dopey. (Int -4) [a cacodemon]
 84904 | Abyss:3  | Lost mutation: You are agile. (Dex +2) [a cacodemon]
 84909 | Abyss:3  | Gained mutation: You are weak. (Str -2) [a cacodemon]
 84915 | Abyss:3  | Gained mutation: Your spells are a little easier to cast,
                  | but a little less powerful. [a cacodemon]
 84983 | Abyss:3  | Received a gift from Okawaru
 85130 | Abyss:3  | Got an abyssal rune of Zot
 85315 | Abyss:3  | Gained mutation: Scrolls take you longer to read. [a
                  | neqoxec]
 85379 | Abyss:4  | Found a corrupted altar of Lugonu.
 85485 | Abyss:4  | Gained mutation: You tend to lose your temper in combat. [a
                  | shining eye]
 85638 | Abyss:4  | Gained mutation: Your spells are easier to cast, but less
                  | powerful. [a neqoxec]
 85654 | Abyss:5  | Entered Level 5 of the Abyss
 85654 | Abyss:5  | Entered Level 5 of the Abyss
 85830 | Abyss:5  | Paralysed by accursed screaming for 1 turns
 85846 | Depths:1 | Escaped the Abyss
 86122 | Coc:1    | Received a gift from Okawaru
 86288 | Coc:1    | Reached skill level 27 in Fighting
 87313 | Coc:7    | Entered Level 7 of Cocytus
 87330 | Coc:7    | Received a gift from Okawaru
 87371 | Coc:7    | Got an ichor-stained shield {god gift}
 87399 | Coc:7    | Identified the +3 shield "Dohoa" {MR++} (Okawaru gifted it
                  | to you on level 7 of Cocytus)
 88049 | Coc:7    | Gained mutation: Your spells are much easier to cast, but
                  | much less powerful. [mutagenic glow]
 88523 | Coc:7    | Identified the cursed ring of Patience {EV-2 Int+2}
 88556 | Coc:7    | Received a gift from Okawaru
 89225 | Coc:7    | Identified the cursed +1 war axe of the Lonely Dances
                  | {venom, Str+7 Dex+2}
 89225 | Coc:7    | Noticed Antaeus
 89297 | Coc:7    | Reached skill level 15 in Armour
 89479 | Coc:7    | Gained mutation: You often lose your temper in combat.
                  | [mutagenic glow]
 89531 | Coc:7    | Killed Antaeus
 89536 | Coc:7    | Got an icy rune of Zot
 89614 | Coc:7    | Identified the +4 ring mail of the Gate {rElec Str-3 Dex+2
                  | Stlth+} (You found it on level 7 of Cocytus)
 90279 | Coc:7    | Upgraded the game from 0.24-a0-282-g1a68c91 to
                  | 0.24-a0-284-g9fb9971
 90432 | Pan      | Entered the realm of Cerebov.
 90432 | Pan      | Entered Pandemonium
 90488 | Pan      | Identified the +6 sword of Cerebov {flame}
 90488 | Pan      | Noticed Cerebov
 90760 | Pan      | Identified the +1 war axe "Zuazaor" {venom, rC+ Dex+3}
 90777 | Pan      | Received a gift from Okawaru
 90829 | Pan      | Identified the +8 war axe of Deflation {flame, Str+3 Int+2}
 90865 | Pan      | Found an exit through the horrors of the Abyss.
 91568 | Pan      | Killed Cerebov
 91568 | Pan      | Received a gift from Okawaru
 91631 | Pan      | Identified the +2 leather armour of Foolhardiness {*Contam
                  | rCorr Dex+4}
 91688 | Pan      | Got a fiery rune of Zot
 91777 | Pan      | Got a clouded ruby amulet
 91780 | Pan      | Identified an amulet "Ehiwac" {Inacc rF+++ MR++ Str-2
                  | Dex-4} (You found it in Pandemonium)
 92027 | Pan      | Noticed Hilonos the pandemonium lord
 92056 | Pan      | Killed Hilonos the pandemonium lord
 92635 | Pan      | Received a gift from Okawaru
 92654 | Pan      | Got a heavily runed plate armour {god gift}
 92665 | Pan      | Identified the +8 plate armour of Forchu Momeu {rPois MR+}
                  | (Okawaru gifted it to you in Pandemonium)
 93560 | Pan      | Noticed Xosimorech the pandemonium lord
 93583 | Pan      | Killed Xosimorech the pandemonium lord
 93583 | Pan      | Reached skill level 27 in Shields
 94128 | Pan      | Entered the realm of Gloorx Vloq.
 94423 | Pan      | Found an exit through the horrors of the Abyss.
 94561 | Pan      | Received a gift from Okawaru
 94574 | Pan      | Got a slimy scale mail {god gift}
 94585 | Pan      | Identified the +1 scale mail "Xoetoppo" {rPois rN+ MR+
                  | MP+9} (Okawaru gifted it to you in Pandemonium)
 94938 | Pan      | Noticed Gloorx Vloq
 94952 | Pan      | HP: 11/318 [Executioner[Gloorx Vloq] (5)]
 94953 | Pan      | HP: 1/323 [Executioner (6)]
 94953 | Pan      | Slain by an Executioner

Levels and vault maps discovered:
D:1:      dpeg_arrival_round_c, layout_loops_ring, palyth_stone_intersect,
          minmay_stone_trees_medium
D:2:      layout_rooms, grunt_ministairs_15, uniq_natasha
D:3:      layout_loops_ring, first_ration, wad_orctagon, uniq_terence
D:4:      layout_loops_ring, serial_shops, shop, portal_sewer_entry_c,
          minmay_mini_ossuary, uniq_ijyb, uniq_menkaure
D:5:      layout_gridville, nicolae_ossuary_entry_ruins,
          hangedman_abyss_or_decor_passed, uniq_edmund, uniq_grinder
D:6:      layout_layer_cave, minmay_temple_entry_mist
D:7:      layout_loops_cross
D:8:      layout_loops_ring, overflow_temple_1_default, david_lair_shrubbed,
          serial_shops, shop, grunt_ogre_cave, kennysheep_small_circle
D:9:      layout_gridville, gammafunk_ghost_berserking_beasts
D:10:     layout_roguey, kennysheep_cluttered_room
D:11:     layout_gridville, david_orc_5, serial_shops, nicolae_shop_statue_plus,
          shop, uniq_snorg
D:12:     minmay_containers, layout_basic, basic_altar,
          portal_ice_cave_entry_animals_and_master
D:13:     gammafunk_wand_slinger, layout_basic,
          skrybe_vaults_entry_preservation, basic_altar, uniq_josephine
D:14:     layout_gridville, minmay_misc_feat_doors, st_stairs_12
D:15:     hangedman_depths_entry_try_elsewhere_first, layout_loops_corners,
          basic_altar, elyvilon_altar_4, lemuel_blue_sif_altar, uniq_agnes,
          uniq_louise
Temple:   kilobyte_greek_temple
Lair:1:   layout_gridlike, serial_forest, infiniplex_forest_lined_1,
          infiniplex_forest_lined_3, infiniplex_forest_lined_3_way,
          infiniplex_forest_fountain, infiniplex_forest_clump_diagonal,
          infiniplex_forest_split, infiniplex_forest_fountain
Lair:2:   layout_regular_city, serial_bayou_pond_a, minmay_hedge_maze,
          lemuel_fruit_tree, serial_bayou_shore_b
Lair:3:   beast_lair_carwin_large_4, layout_gridlike,
          minmay_shoals_entry_centaurs
Lair:4:   layout_regular_city, spider_nest_entry_rubble, minivault_27,
          infiniplex_staircase_pool, grunt_megastairs_1
Lair:5:   layout_cave_pods, slime_altar_1, gammafunk_ghost_cemetery, uniq_rupert
Lair:6:   hangedman_lair_caniforms_friends, layout_cave_shapes, wormcave,
          grunt_forest_large_clearings, grunt_megastairs_2
Shoals:1: layout_shoals, ebering_ghost_reflecting_pool,
          nicolae_shoals_flooded_hall
Shoals:2: layout_shoals, uniq_polyphemus, uniq_ilsuiw, uniq_nikola
Shoals:3: layout_shoals, serial_shops, statue_bzr, nicolae_shoals_loop_pool,
          uniq_bai_suzhen
Shoals:4: shoals_end_grunt_ice, layout_shoals
Spider:1: cheibrodos_spider_deadly_dance
Spider:2: layout_spider_delve
Spider:3: layout_spider_delve
Spider:4: johnstein_spider_rune_arachne_lair, uniq_donald
Slime:1:  layout_caves
Slime:2:  layout_caves
Slime:3:  layout_caves, nicolae_slime_phagocytosis
Slime:4:  layout_caves
Slime:5
Orc:1:    cheibrodos_orc_arena, layout_caves, gammafunk_ghost_cemetery
Orc:2:    kennysheep_orc_mage_school, layout_diamond_mine, uniq_sonja
Elf:1:    eino_elf_arrival_customs, layout_geoelf_octagon, serial_shops,
          shop_fountains, basic_altar, minmay_elf_crystal_heptagon, drop_trap,
          nicolae_wwwww, hangedman_research_quantum
Elf:2:    layout_geoelf_diagonals, nemelex_altar_shiori
Elf:3:    minmay_elf_hall_curves, layout_loops_cross, special_room
          [special_room_orc], minmay_shop_grove, uniq_aizul, uniq_mara
Vaults:1: v_misc_23, nicolae_vaults_hallways_thing, v_misc_29,
          nicolae_vaults_back_hallway, ontoclasm_vaults_ring_small, v_rooms_3,
          hangedman_vaults_stagger, vaults_room_grunt_arrival_checkpoint,
          vaults_room_guarded_vault, hangedman_vaults_variations,
          vaults_room_pool, ontoclasm_vaults_tryst, grunt_vaults_focal,
          layout_vaults_maze_bifur, serial_shops, shop, basic_altar,
          uniq_asterion
Vaults:2: v_misc_17, hangedman_vaults_hard_town_square,
          vaults_dpeg_encased_lava, nicolae_vaults_three_branches,
          vaults_room_hallway, minmay_crypt_entry_simple_box, v_alt_pattern_6,
          hangedman_vaults_corner, v_misc_17, vaults_room_door_ring,
          ontoclasm_vaults_ring_large, vaults_room_semicircle,
          nicolae_vaults_specimen_jars, vaults_standard_mumra_x,
          nicolae_vaults_border_crossing, layout_vaults_ring, serial_shops,
          shop_statue
Vaults:3: vaults_room_boxed, nicolae_vaults_network_star, v_alt_pattern_1,
          v_misc_16, v_alt_pattern_2, vaults_room_ringed_pool,
          nicolae_vaults_twisting_passages,
          nicolae_vaults_windows_and_doors_thing, vaults_room_pool,
          nicolae_vaults_little_squares_3, vaults_dpeg_hooks,
          layout_vaults_omnibox, uniq_sojobo
Vaults:4: ontoclasm_vaults_ligature, ontoclasm_vaults_twist,
          nicolae_vaults_halls_meeting, grunt_vaults_funnel,
          nicolae_vaults_circle_grid_b, v_misc_10, vaults_room_semicircle,
          layout_vaults_omnigrid, serial_shops, shop, uniq_boris
Vaults:5
Crypt:1:  layout_gridlike, infiniplex_enter_wizlab_glasses,
          minmay_guarded_unrand_vampires_tooth
Crypt:2:  layout_chaotic_city, minmay_misc_feat_five,
          lemuel_mausoleum_altar_yredelemnul
Crypt:3:  lightli_unholy_cathedral, layout_chaotic_city,
          nicolae_tomb_entry_rubble_hallway, serial_sigils_hangedman_writhe
Depths:1: layout_big_octagon, abyss_entry, hell_entry, minmay_crystal_water,
          kennysheep_path_1, kennysheep_generic_room_2
Depths:2: dpeg_oklob_gauntlet, layout_twisted_cross, enter_ziggurat_b,
          serial_shops, nicolae_shop_stone, nicolae_shop_behind_doors, shop,
          lightli_too_deep
Depths:3: impenetrable_vault, layout_gridlike, gammafunk_ghost_mausoleum,
          pan_entry, grunt_hell_entry_dis_mu
Depths:4: grunt_deathspiral_small, layout_gridlike, rand_demon_pan_entry_9,
          abyss_entry, ebering_dispersal_statue_hall, serial_shops,
          nicolae_shop_stone, hell_entry, kennysheep_underground_church
Depths:5: evilmike_zot_entry_argh, layout_basic, pf_coc_iceberg,
          minmay_curled_crystal, minmay_shoptagon
Hell
Dis:1:    layout_regular_city
Dis:2:    layout_gridville
Dis:3:    layout_overlapping_boxes, grunt_megastairs_3
Dis:4:    layout_subdivisions
Dis:5:    hangedman_dis_monolith, layout_regular_city
Dis:6:    layout_chaotic_city, grunt_megastairs_4
Dis:7:    iron_city_of_dis [dis_old, dis_wall_3], layout_chaotic_city
Geh:1:    layout_gehenna_lava_caves
Geh:2:    layout_gehenna_lava_caves
Geh:3:    layout_gehenna_pools_triple
Geh:4:    layout_gehenna_lava_caves
Geh:5:    layout_gehenna_lava_caves, nicolae_geh_single_fiery_grave
Geh:6:    layout_gehenna_lava_caves, hangedman_mysterious_dungeon_monster_house
Geh:7:    geh_grunt
Coc:1:    layout_ice_bergs
Coc:2:    layout_cocytus_water_paths
Coc:3:    layout_cocytus_water_paths
Coc:4:    layout_ice_bergs
Coc:5:    layout_cocytus_water_paths
Coc:6:    layout_cocytus_water_paths
Coc:7:    coc_grunt_cove [coc_grunt_cove_antaeus, coc_grunt_cove_fiend,
          coc_grunt_cove_fiend, coc_grunt_cove_fiend, coc_grunt_cove_fiend]
Tar:1:    layout_grid_maze
Tar:2:    layout_grid_maze, nicolae_tar_cuneiform_sun
Tar:3:    layout_grid_maze
Tar:4:    layout_grid_maze
Tar:5:    layout_catacombs
Tar:6:    layout_grid_maze
Tar:7:    tar_mu [tar_mu_maze]
Pan:      evilmike_gloorx_vloq_box, layout_rooms

Skill      XL: |  1  2  3  4  5  6  7  8  9 10 11 12 13 14 15 16 17 18 19 20 21 22 23 24 25 26 27 |
---------------+----------------------------------------------------------------------------------+-----
Armour         | 3 4 5 6 7 8 9 10 16 | 16.2
Shields        | 3 4 5 6 7 8 9 10 11 13 14 15 16 17 18 19 20 27 | 27.0
Axes           | 2 3 4 5 7 9 11 12 13 15 16 17 18 19 20 21 22 23 27 | 27.0
Dodging        | 1 2 3 5 6 7 8 9 10 11 12 13 14 15 19 | 19.3
Fighting       | 4 5 6 7 8 9 10 11 12 13 14 15 16 17 18 19 20 21 22 27 | 27.0
Stealth        | 1 2 3 4 5 6 7 8 9 13 | 13.4
Invocations    | 1 2 3 4 5 6 7 8 9 12 | 12.1
Translocations | 1 5 8 10 11 12 20 | 20.9
Spellcasting   | 2 18 | 18.1

Action                   |  1- 3 |  4- 6 |  7- 9 | 10-12 | 13-15 | 16-18 | 19-21 | 22-24 | 25-27 || total
-------------------------+-------+-------+-------+-------+-------+-------+-------+-------+-------++-------
Melee: War axe           |   112 |   286 |   612 |   989 |       |       |       |       |  2167 ||  4166
       Battleaxe         |       |       |       |    41 |   508 |       |       |       |       ||   549
       Broad axe         |       |       |       |       |   803 |   702 |  1621 |  2162 |  7673 || 12961
       Hand axe          |       |       |       |       |       |   773 |       |       |       ||   773
 Cast: Controlled Blink  |       |       |       |       |       |       |       |       |     1 ||     1
Invok: Heroism           |       |       |     1 |    21 |    17 |    24 |    22 |    12 |    45 ||   142
       Finesse           |       |       |       |       |     4 |     2 |     8 |     6 |    37 ||    57
  Use: Scroll            |     2 |     5 |     5 |     3 |    19 |     8 |     6 |    12 |    21 ||    81
       Potion            |       |     1 |     2 |     1 |       |    13 |     9 |       |    12 ||    38
 Stab: Sleeping          |       |       |       |     6 |     7 |    17 |    14 |    10 |    32 ||    86
       Distracted        |       |       |       |     1 |     1 |     8 |     4 |     6 |    48 ||    68
       Petrified         |       |       |       |       |     2 |       |       |     3 |       ||     5
       Paralysed         |       |       |       |       |       |       |     1 |       |     1 ||     2
       Confused          |       |       |       |       |       |       |     3 |       |       ||     3
       Held in net/web   |       |       |       |       |       |       |       |     1 |       ||     1
       Petrifying        |       |       |       |       |       |       |       |     3 |       ||     3
       Invisible         |       |       |       |       |       |       |       |       |     2 ||     2
  Eat: Chunk             |     1 |     9 |    16 |    23 |    28 |    25 |    25 |    30 |    53 ||   210
       Ration            |       |       |     1 |     1 |     1 |     2 |     2 |     3 |    24 ||    34
Armor: Scale mail        |    77 |   164 |    80 |   113 |       |       |    25 |   308 |  1195 ||  1962
       Chain mail        |       |       |   120 |       |       |       |       |       |       ||   120
       Plate armour      |       |       |    46 |       |       |       |       |       |     1 ||    47
       Troll leather arm |       |       |       |    46 |   208 |   135 |    86 |       |       ||   475
       Ring mail         |       |       |       |   102 |    58 |       |       |       |       ||   160
       Acid dragon scale |       |       |       |       |       |       |     2 |       |       ||     2
Dodge: Dodged            |    38 |    87 |   144 |   637 |  1150 |   583 |   707 |  1077 |  4652 ||  9075
       Deflected         |       |       |       |       |       |       |    39 |    53 |   101 ||   193
Block: Shield            |    78 |   149 |   284 |   591 |   110 |   535 |   144 |       |  2316 ||  4207
       Large shield      |       |       |       |       |   467 |   378 |  1011 |  2025 |  6397 || 10278
       Reflection        |       |       |       |       |    16 |    13 |       |       |       ||    29

Table legend:
 A = Non-vault XP
 B = Vault XP
 C = Vault XP percentage of total XP
 D = Non-vault monster count
 E = Vault monster count
 F = Vault count percentage of total count
                 A         B        C        D         E       F
            +---------+---------+-------+---------+---------+-------
      Total | 2278807 | 1304281 |  36.4 |    3988 |    1503 |  27.4
            +---------+---------+-------+---------+---------+-------
        D:1 |      39 |       0 |   0.0 |      21 |       0 |   0.0
        D:2 |     132 |      45 |  25.4 |      19 |       6 |  24.0
        D:3 |     266 |      48 |  15.3 |      40 |       5 |  11.1
        D:4 |     317 |     220 |  41.0 |      10 |      11 |  52.4
        D:5 |     446 |     428 |  49.0 |      16 |       2 |  11.1
        D:6 |    1040 |       0 |   0.0 |      30 |       0 |   0.0
        D:7 |     766 |       0 |   0.0 |      14 |       0 |   0.0
        D:8 |    1679 |     507 |  23.2 |      20 |       2 |   9.1
        D:9 |    2294 |    2374 |  50.9 |      20 |       6 |  23.1
       D:10 |    2459 |     395 |  13.8 |      29 |       3 |   9.4
       D:11 |    2550 |    3412 |  57.2 |      20 |      29 |  59.2
       D:12 |    4934 |   11854 |  70.6 |      23 |      17 |  42.5
       D:13 |   10353 |    8489 |  45.1 |      44 |      24 |  35.3
       D:14 |    8709 |     877 |   9.1 |      34 |       2 |   5.6
       D:15 |   11949 |    6487 |  35.2 |      31 |       6 |  16.2
     Lair:1 |    3939 |       0 |   0.0 |      14 |       0 |   0.0
     Lair:2 |    6217 |       0 |   0.0 |      23 |       0 |   0.0
     Lair:3 |    5485 |    3002 |  35.4 |      20 |      17 |  45.9
     Lair:4 |    8153 |     772 |   8.6 |      31 |       3 |   8.8
     Lair:5 |    3635 |    9495 |  72.3 |       9 |      10 |  52.6
     Lair:6 |    7847 |   23738 |  75.2 |      14 |     113 |  89.0
   Shoals:1 |   10460 |    7578 |  42.0 |      24 |      13 |  35.1
   Shoals:2 |   17617 |   13825 |  44.0 |      34 |      11 |  24.4
   Shoals:3 |   23264 |    6001 |  20.5 |      47 |       2 |   4.1
   Shoals:4 |   11237 |   20648 |  64.8 |      21 |      29 |  58.0
   Spider:1 |   10637 |    8586 |  44.7 |      32 |      18 |  36.0
   Spider:2 |   14037 |       0 |   0.0 |      51 |       0 |   0.0
   Spider:3 |   16444 |       0 |   0.0 |      45 |       0 |   0.0
   Spider:4 |   18763 |   41452 |  68.8 |      49 |      69 |  58.5
    Slime:1 |    2066 |       0 |   0.0 |       4 |       0 |   0.0
    Slime:2 |    6412 |       0 |   0.0 |      10 |       0 |   0.0
    Slime:3 |    6806 |     521 |   7.1 |      16 |       2 |  11.1
    Slime:4 |    1787 |     284 |  13.7 |       5 |       1 |  16.7
    Slime:5 |    1639 |   28937 |  94.6 |       6 |      10 |  62.5
      Orc:1 |    1583 |    2285 |  59.1 |      24 |      10 |  29.4
      Orc:2 |    4356 |    8353 |  65.7 |      55 |      33 |  37.5
      Elf:1 |   25887 |   17112 |  39.8 |      41 |      27 |  39.7
      Elf:2 |   30940 |   31348 |  50.3 |      44 |      31 |  41.3
      Elf:3 |   23249 |   60674 |  72.3 |      34 |      61 |  64.2
   Vaults:1 |   43552 |   25850 |  37.2 |      66 |      34 |  34.0
   Vaults:2 |   34277 |   29710 |  46.4 |      55 |      27 |  32.9
   Vaults:3 |   58321 |   25381 |  30.3 |      84 |      26 |  23.6
   Vaults:4 |   26571 |   23629 |  47.1 |      43 |      15 |  25.9
   Vaults:5 |   25373 |  139621 |  84.6 |      35 |      94 |  72.9
    Crypt:1 |   42114 |    9871 |  19.0 |      51 |       8 |  13.6
    Crypt:2 |   31499 |     927 |   2.9 |      42 |      12 |  22.2
    Crypt:3 |   19400 |   38063 |  66.2 |      27 |      29 |  51.8
   Depths:1 |   38174 |    1463 |   3.7 |      53 |       2 |   3.6
   Depths:2 |   26318 |   11107 |  29.7 |      34 |       8 |  19.0
   Depths:3 |   41287 |   27698 |  40.2 |      53 |      14 |  20.9
   Depths:4 |   23067 |   56586 |  71.0 |      23 |      43 |  65.2
   Depths:5 |   38179 |   15170 |  28.4 |      32 |      11 |  25.6
       Hell |   43093 |   21833 |  33.6 |      64 |      35 |  35.4
      Dis:1 |    2156 |       0 |   0.0 |       8 |       0 |   0.0
      Dis:2 |   22140 |       0 |   0.0 |      28 |       0 |   0.0
      Dis:4 |   12800 |       0 |   0.0 |      26 |       0 |   0.0
      Dis:5 |   12416 |   21883 |  63.8 |      37 |      35 |  48.6
      Dis:6 |   27613 |    2577 |   8.5 |      35 |       7 |  16.7
      Dis:7 |  100164 |  107902 |  51.9 |     151 |      61 |  28.8
      Geh:1 |    9175 |       0 |   0.0 |      12 |       0 |   0.0
      Geh:2 |    7540 |       0 |   0.0 |      20 |       0 |   0.0
      Geh:3 |   52532 |       0 |   0.0 |     108 |       0 |   0.0
      Geh:4 |   37646 |       0 |   0.0 |      83 |       0 |   0.0
      Geh:5 |    3236 |       0 |   0.0 |      12 |       0 |   0.0
      Geh:6 |    8592 |       0 |   0.0 |      24 |       0 |   0.0
      Geh:7 |  100668 |   67441 |  40.1 |     133 |      44 |  24.9
      Coc:1 |   45785 |       0 |   0.0 |      57 |       0 |   0.0
      Coc:2 |    8967 |       0 |   0.0 |      22 |       0 |   0.0
      Coc:3 |   11880 |       0 |   0.0 |      21 |       0 |   0.0
      Coc:4 |   17630 |       0 |   0.0 |      27 |       0 |   0.0
      Coc:5 |    4303 |       0 |   0.0 |       6 |       0 |   0.0
      Coc:6 |   12470 |       0 |   0.0 |      12 |       0 |   0.0
      Coc:7 |  135627 |   74933 |  35.6 |     146 |      68 |  31.8
      Tar:1 |   18634 |       0 |   0.0 |      35 |       0 |   0.0
      Tar:2 |   45988 |       0 |   0.0 |      69 |       0 |   0.0
      Tar:4 |    7594 |       0 |   0.0 |      15 |       0 |   0.0
      Tar:5 |   38878 |       0 |   0.0 |      61 |       0 |   0.0
      Tar:6 |   11380 |       0 |   0.0 |      24 |       0 |   0.0
      Tar:7 |  180312 |   90646 |  33.5 |     222 |      54 |  19.6
    Abyss:1 |   45937 |   13429 |  22.6 |      64 |       6 |   8.6
    Abyss:2 |   17602 |       0 |   0.0 |      35 |       0 |   0.0
    Abyss:3 |  170337 |   24148 |  12.4 |     335 |      50 |  13.0
    Abyss:4 |   24667 |    6761 |  21.5 |      52 |      17 |  24.6
    Abyss:5 |  140150 |    3657 |   2.5 |     250 |       9 |   3.5
        Pan |  142370 |  108955 |  43.4 |     172 |      69 |  28.6
      Sewer |       0 |     521 | 100.0 |       0 |      24 | 100.0
    Ossuary |       0 |     388 | 100.0 |       0 |      37 | 100.0
      IceCv |       0 |   12448 | 100.0 |       0 |      55 | 100.0
     WizLab |       0 |   21936 | 100.0 |       0 |      36 | 100.0
            +---------+---------+-------+---------+---------+-------
